[Event "Titled Tuesday Blitz May 30 Early 2023"]
[White "Narayanan, Srinath"]
[Black "Sukandar, Irine Kharisma"]
[WhiteFideId "5018420"]
[BlackFideId "7101937"]
[WhiteElo "2438"]
[BlackElo "2315"]
[Result "1-0"]
[Round "01"]
[TimeControl "180+2"]
[Date "2023.05.30"]
[WhiteClock "0:00:26"]
[BlackClock "0:00:10"]

1. Nf3 Nf6 2. c4 c6 3. e3 d5 4. Nc3 g6 5. b3 Bg7 6. Bb2 O-O 7. d4 Bg4 8. Be2 Nbd7 9. O-O Nb6 10. cxd5 Nbxd5 11. h3 Bf5 12. Ne5 Nxc3 13. Bxc3 Ne4 14. Qc1 c5 15. Bb2 Rc8 16. Qe1 Qd6 17. Nc4 Qd8 18. Rd1 Qc7 19. Bf3 Rfd8 20. dxc5 Bxb2 21. Nxb2 Qxc5 22. Na4 Qc2 23. Rxd8+ Rxd8 24. Qa5 Rd2 25. Bxe4 Bxe4 26. Qc5 Qxa2 27. Nc3 Qc2 28. Nxe4 Qxe4 29. Qc8+ Kg7 30. Qc3+ 1-0


[Site "https://www.chess.com"]

[Event "Titled Tuesday Blitz May 30 Early 2023"]
[White "Omariev, Maksim"]
[Black "Zakhartsov, Vladimir"]
[WhiteFideId "4193423"]
[BlackFideId "4145097"]
[WhiteElo "2501"]
[BlackElo "2495"]
[Result "0-1"]
[Round "01"]
[TimeControl "180+2"]
[Date "2023.05.30"]
[WhiteClock "0:00:06"]
[BlackClock "0:00:04"]

1. g4 g6 2. Bg2 Bg7 3. h4 c6 4. d4 d5 5. g5 Bf5 6. c3 h5 7. Bf4 Nd7 8. Nf3 e6 9. Nbd2 Ne7 10. Qb3 Qc8 11. Bd6 c5 12. dxc5 Nxc5 13. Qb5+ Nd7 14. O-O Qc6 15. Qb4 Nc8 16. Bg3 Bf8 17. Qb3 Qb6 18. Nd4 a6 19. e4 dxe4 20. Nxe4 Bxe4 21. Bxe4 Nc5 22. Qxb6 Nxb6 23. Bg2 O-O-O 24. Rfd1 Bg7 25. Rac1 Rd7 26. Ne2 Rhd8 27. Rxd7 Rxd7 28. b4 Nd3 29. Rd1 Na4 30. Be4 Nab2 31. Rd2 b5 32. f3 f5 33. Bc6 Rd8 34. Nf4 Nxf4 35. Rxd8+ Kxd8 36. Bxf4 Bxc3 37. Bb7 Bxb4 38. Bxa6 Bc5+ 39. Kg2 b4 40. Bc1 Na4 41. Bc4 Ke7 42. Bf4 Nb6 43. Bb3 Bd6 44. Be3 Nd5 45. Bd4 Nf4+ 46. Kg3 Ne2+ 47. Kf2 Nxd4 48. Ke3 Nxb3 49. axb3 Bg3 50. Kd4 Bxh4 51. f4 Be1 52. Ke5 Bc3# 0-1


[Site "https://www.chess.com"]

[Event "Titled Tuesday Blitz May 30 Early 2023"]
[White "Terry, Renato"]
[Black "Lymar, Vladislav"]
[WhiteFideId "3803457"]
[BlackFideId "14162180"]
[WhiteElo "2575"]
[BlackElo "2234"]
[Result "0-1"]
[Round "01"]
[TimeControl "180+2"]
[Date "2023.05.30"]
[WhiteClock "0:00:26"]
[BlackClock "0:00:30"]

1. e4 c5 2. Nf3 Nc6 3. Bb5 e6 4. O-O Nge7 5. Re1 a6 6. Bxc6 Nxc6 7. d4 cxd4 8. Nxd4 Qb6 9. Nb3 Be7 10. Bf4 O-O 11. Bd6 Qd8 12. a4 b6 13. Na3 Bb7 14. Nc4 Rc8 15. Qd2 Na5 16. Nbxa5 bxa5 17. Bxe7 Qxe7 18. Nxa5 Ba8 19. b4 Rfd8 20. c4 d6 21. Rab1 Qc7 22. h3 Rb8 23. b5 h6 24. Rec1 Bxe4 25. Rb2 Qb6 26. Nb3 Qa7 27. Nd4 Rdc8 28. Ne2 d5 29. Ng3 Bg6 30. cxd5 Rxc1+ 31. Qxc1 exd5 32. Qc6 axb5 33. axb5 Qa1+ 34. Kh2 Qxb2 35. f4 Qxb5 36. Qd6 Be4 37. f5 Qb2 38. Nxe4 dxe4 39. Qf4 Re8 0-1


[Site "https://www.chess.com"]

[Event "Titled Tuesday Blitz May 30 Early 2023"]
[White "OPQRC"]
[Black "Kuzubov, Yuriy"]
[BlackFideId "14112906"]
[WhiteElo "2500"]
[BlackElo "2496"]
[Result "1-0"]
[Round "01"]
[TimeControl "180+2"]
[Date "2023.05.30"]
[WhiteClock "0:00:06"]
[BlackClock "0:00:15"]

1. e4 c5 2. Nf3 Nc6 3. d4 cxd4 4. Nxd4 g6 5. c4 Nf6 6. Nc3 d6 7. f3 Bg7 8. Be3 O-O 9. Be2 Nxd4 10. Bxd4 a5 11. O-O Bd7 12. b3 Bc6 13. Rc1 Nd7 14. Bf2 Nc5 15. Qd2 Qb6 16. Rfd1 Rfc8 17. Rc2 a4 18. Rb1 axb3 19. axb3 Qb4 20. Nd5 Qxd2 21. Rxd2 Bxd5 22. Rxd5 Ra3 23. b4 Na4 24. Be1 Nc3 25. Bxc3 Rxc3 26. Ra5 Rc2 27. Kf1 Bd4 28. Rd5 Be5 29. g3 Ra2 30. Ra5 Ra8 31. Rxa8+ Rxa8 32. c5 g5 33. cxd6 Bxd6 34. b5 b6 35. Rc1 Bc5 36. Rd1 e6 37. h4 gxh4 38. gxh4 Kg7 39. h5 Kf6 40. f4 Be3 41. f5 exf5 42. exf5 Kxf5 43. Rd7 Ke6 44. Bg4+ f5 45. Bf3 Ra1+ 46. Rd1 Ra3 47. Kg2 Rc3 48. Rd8 Rc2+ 49. Kg3 h6 50. Re8+ Kf6 51. Rxe3 Kg5 52. Re5 Rb2 53. Rd5 Rb3 54. Kf2 Kf4 55. Be2 Rh3 56. Rd6 Rh2+ 57. Ke1 Rh1+ 58. Kd2 Ke4 59. Rxb6 f4 60. Re6+ Kd4 61. Rxh6 Rh2 62. Rf6 Ke5 63. Rf8 Rh3 64. b6 Rb3 65. Re8+ Kf6 66. Rb8 f3 67. Bf1 Kg7 68. b7 f2 69. Ke2 Rb2+ 70. Kf3 Kh7 71. Kg2 Kg7 72. Kg3 Kh7 73. Kg2 Kg7 74. h6+ Kh7 75. Bd3+ Kxh6 76. Rh8+ Kg5 77. b8=Q f1=Q+ 78. Kxf1 Rf2+ 79. Kxf2 1-0


[Site "https://www.chess.com"]

[Event "Titled Tuesday Blitz May 30 Early 2023"]
[White "Ibarra Jerez, Jose Carlos"]
[Black "Olenik Campa, Rudi"]
[WhiteFideId "2226332"]
[BlackFideId "14633264"]
[WhiteElo "2638"]
[BlackElo "2249"]
[Result "1-0"]
[Round "01"]
[TimeControl "180+2"]
[Date "2023.05.30"]
[WhiteClock "0:00:40"]
[BlackClock "0:00:15"]

1. e4 c5 2. Nf3 Nc6 3. Nc3 g6 4. d4 cxd4 5. Nxd4 Bg7 6. Be3 Nf6 7. Bc4 O-O 8. Bb3 a6 9. f3 d6 10. h4 Qa5 11. Qd2 h5 12. O-O-O Ne5 13. Kb1 b5 14. Nd5 Qd8 15. Nxf6+ Bxf6 16. g4 Nc4 17. Bxc4 bxc4 18. gxh5 gxh5 19. Bg5 Bg7 20. Bh6 Bf6 21. Rhg1+ Kh7 22. Bxf8 Qxf8 23. Rg5 Qh6 24. Rdg1 Bd7 25. Qc3 Bxg5 26. hxg5 Rg8 27. f4 Qg6 28. f5 Qg7 29. Qxc4 e6 30. Qe2 Rh8 31. g6+ 1-0


[Site "https://www.chess.com"]

[Event "Titled Tuesday Blitz May 30 Early 2023"]
[White "Aydin, Gulenay"]
[Black "Zhigalko, Sergei"]
[WhiteFideId "34557431"]
[BlackFideId "13502956"]
[WhiteElo "2009"]
[BlackElo "2626"]
[Result "1/2-1/2"]
[Round "01"]
[TimeControl "180+2"]
[Date "2023.05.30"]
[WhiteClock "0:00:08"]
[BlackClock "0:00:06"]

1. e4 c5 2. Nf3 Nc6 3. Bb5 Nf6 4. O-O Nxe4 5. Re1 Nf6 6. c3 a6 7. Ba4 b5 8. Bc2 Bb7 9. d4 cxd4 10. cxd4 Nb4 11. Bb3 e6 12. Nc3 Be7 13. Bg5 O-O 14. a3 Nbd5 15. Nxd5 Nxd5 16. Bd2 Rc8 17. Bc2 f5 18. Ne5 Bf6 19. Bd3 d6 20. Nf3 Qd7 21. a4 b4 22. a5 Rfe8 23. Qb3 Rb8 24. Bc4 Nc7 25. Rac1 Bd5 26. Qd3 Be4 27. Qe2 b3 28. Bc3 Nb5 29. Bxb3 d5 30. Red1 Qd8 31. Ba4 Re7 32. Bxb5 Rxb5 33. Nd2 e5 34. dxe5 Bxe5 35. Nxe4 fxe4 36. Bxe5 Rxe5 37. Rd4 Rxa5 38. Rcd1 Rb5 39. Qc2 h6 40. Rxe4 Rxe4 41. Qxe4 dxe4 42. Rxd8+ Kf7 43. Rd2 Ke6 44. Kf1 Rd5 45. Ke2 Rb5 46. Ke3 Ke5 47. Rc2 Rb3+ 48. Ke2 Kd4 49. Rd2+ Kc4 50. Rd7 Rxb2+ 51. Ke3 g5 52. Rd6 a5 53. Rxh6 a4 54. Ra6 Kb4 55. Kxe4 a3 56. g3 Rxf2 57. h4 g4 58. Ra8 a2 59. h5 Kb3 60. Rb8+ Kc2 61. Rc8+ Kb1 62. Ra8 Rb2 63. h6 Rh2 64. Rb8+ Kc1 65. Ra8 Kb1 66. Rb8+ Kc2 67. Ra8 Kb2 68. Rb8+ Ka1 69. Kf4 Rxh6 70. Kxg4 Rc6 71. Kh5 Rc5+ 72. Kh4 Rc2 73. g4 Rh2+ 74. Kg5 Rb2 75. Ra8 Kb1 76. Kh6 Rh2+ 77. Kg6 a1=Q 78. Rxa1+ Kxa1 79. g5 Kb2 80. Kf7 Rf2+ 81. Ke7 Rg2 82. Kf6 Rf2+ 83. Ke7 Kc3 84. g6 Rg2 85. Kf7 Rf2+ 86. Ke7 Re2+ 87. Kf7 Rf2+ 88. Ke7 1/2-1/2


[Site "https://www.chess.com"]

[Event "Titled Tuesday Blitz May 30 Early 2023"]
[White "Kozak, Adam"]
[Black "Mekhane, Adam"]
[WhiteFideId "753246"]
[BlackFideId "36050601"]
[WhiteElo "2469"]
[BlackElo "2177"]
[Result "0-1"]
[Round "01"]
[TimeControl "180+2"]
[Date "2023.05.30"]
[WhiteClock "0:00:00"]
[BlackClock "0:00:42"]

1. e4 c5 2. c3 Nf6 3. e5 Nd5 4. Nf3 d6 5. Bc4 Nb6 6. Bb5+ Nc6 7. Bxc6+ bxc6 8. h3 g6 9. O-O Bg7 10. exd6 exd6 11. Re1+ Be6 12. d4 cxd4 13. Nxd4 Qd7 14. Qg4 O-O 15. Nxe6 fxe6 16. Qxe6+ Qxe6 17. Rxe6 Be5 18. Re7 Nd5 19. Rb7 Rfb8 20. Rxb8+ Rxb8 21. Nd2 Nf4 22. Kf1 d5 23. Nf3 Bd6 24. Nd4 Nd3 25. Nxc6 Rb6 26. Na5 Nxc1 27. Rxc1 Rxb2 28. Nb3 Rxa2 29. Rd1 Rb2 30. Rxd5 Rxb3 31. Rxd6 Rxc3 32. Rd8+ Kg7 33. Rd7+ Kh6 34. Rxa7 Rc6 35. h4 Rc5 36. g3 g5 37. hxg5+ Rxg5 38. Kg2 Rb5 39. Kh3 Kg6 40. Kg4 Rb4+ 41. f4 Rc4 42. Ra6+ Kg7 43. Kg5 h6+ 0-1


[Site "https://www.chess.com"]

[Event "Titled Tuesday Blitz May 30 Early 2023"]
[White "The_Sherman_Variation"]
[Black "Steinberg, Nitzan"]
[BlackFideId "2801795"]
[WhiteElo "2497"]
[BlackElo "2486"]
[Result "0-1"]
[Round "01"]
[TimeControl "180+2"]
[Date "2023.05.30"]
[WhiteClock "0:01:55"]
[BlackClock "0:02:16"]

1. g4 d5 2. g5 e5 3. h4 Nc6 4. Bh3 Bxh3 5. Rxh3 Qd7 6. e3 h6 7. g6 fxg6 8. d4 exd4 9. exd4 O-O-O 10. Be3 Nge7 11. Nd2 Nf5 12. Nf1 Be7 13. Qd3 Nxh4 14. O-O-O Nf5 15. Ng3 Bf6 16. c3 Rde8 17. Rh1 Rhf8 18. Nf3 Nxe3 19. fxe3 Qg4 20. Rhg1 Qxf3 0-1


[Site "https://www.chess.com"]

[Event "Titled Tuesday Blitz May 30 Early 2023"]
[White "Galchenko, Matvey"]
[Black "Ljukin, Sergei"]
[WhiteFideId "24175480"]
[BlackFideId "14102200"]
[WhiteElo "2423"]
[BlackElo "2312"]
[Result "1/2-1/2"]
[Round "01"]
[TimeControl "180+2"]
[Date "2023.05.30"]
[WhiteClock "0:00:04"]
[BlackClock "0:00:07"]

1. f4 d5 2. Nf3 Nf6 3. g3 Bf5 4. Bg2 e6 5. O-O Bc5+ 6. e3 Nc6 7. d3 O-O 8. Qe2 Re8 9. Ne5 Nxe5 10. fxe5 Nd7 11. d4 Bb6 12. Kh1 c5 13. c3 Bg6 14. Nd2 f6 15. exf6 Nxf6 16. dxc5 Bxc5 17. e4 Bb6 18. e5 Nd7 19. Nf3 Nc5 20. Rd1 Ne4 21. Be3 Bh5 22. Bd4 Rf8 23. Qe3 Bxd4 24. Rxd4 Qb6 25. b3 Bxf3 26. Bxf3 Nxc3 27. Bg4 Ne4 28. Kg1 Rac8 29. Rxe4 dxe4 30. Qxb6 axb6 31. Bxe6+ Kh8 32. Bxc8 Rxc8 33. Re1 Kg8 34. e6 Kf8 35. Rxe4 Ke7 36. Re2 Rc6 37. Kf2 Rxe6 38. Rc2 Rc6 39. Rxc6 bxc6 40. Ke3 Kd6 41. Kd4 c5+ 42. Kc4 Kc6 43. a4 g6 44. g4 g5 45. h3 h6 46. b4 cxb4 47. Kxb4 Kc7 48. Kc4 Kc6 49. Kd4 Kd6 50. Kc4 Kc6 51. Kb4 Kc7 52. Kb5 Kb7 53. Kc4 Kc6 1/2-1/2


[Site "https://www.chess.com"]

[Event "Titled Tuesday Blitz May 30 Early 2023"]
[White "Lorenzo De La Riva, Lazaro"]
[Black "Fridman, Daniel"]
[WhiteFideId "2268809"]
[BlackFideId "11600454"]
[WhiteElo "2294"]
[BlackElo "2525"]
[Result "0-1"]
[Round "01"]
[TimeControl "180+2"]
[Date "2023.05.30"]
[WhiteClock "0:00:35"]
[BlackClock "0:01:52"]

1. e4 c6 2. d4 d5 3. Nc3 dxe4 4. Bc4 Bf5 5. f3 Nf6 6. fxe4 Nxe4 7. Qf3 Nd6 8. Bb3 e6 9. Bf4 Nd7 10. O-O-O Nf6 11. h3 h6 12. g4 Bg6 13. Nge2 Be7 14. Ng3 Nd5 15. Nxd5 cxd5 16. Rde1 O-O 17. h4 a5 18. a3 a4 19. Ba2 Rc8 20. Re2 Ne4 21. h5 Bh7 22. Nf1 b5 23. Nd2 b4 24. axb4 Bxb4 25. c3 Nxc3 26. bxc3 Rxc3+ 27. Qxc3 Bxc3 0-1


[Site "https://www.chess.com"]

[Event "Titled Tuesday Blitz May 30 Early 2023"]
[White "Nguyen, Ngoc Truong Son"]
[Black "Senft, Sean"]
[WhiteFideId "12401110"]
[BlackFideId "2044960"]
[WhiteElo "2556"]
[BlackElo "1989"]
[Result "1-0"]
[Round "01"]
[TimeControl "180+2"]
[Date "2023.05.30"]
[WhiteClock "0:00:09"]
[BlackClock "0:00:05"]

1. d4 d5 2. c4 c6 3. Nc3 Nf6 4. Nf3 a6 5. c5 Nbd7 6. Bf4 Nh5 7. Bd2 e6 8. e4 dxe4 9. Nxe4 Be7 10. Qc2 O-O 11. Bd3 g6 12. h4 f5 13. Neg5 Ndf6 14. O-O-O Ng4 15. Bc3 Bf6 16. Bc4 Re8 17. g3 b5 18. cxb6 Qxb6 19. Rhe1 Ng7 20. Re2 h6 21. Nh3 Ra7 22. Rde1 Kh7 23. Nf4 Rae7 24. Ne5 Bxe5 25. dxe5 h5 26. Nh3 Nh6 27. Ng5+ Kg8 28. Rd1 Nf7 29. Nf3 Rd8 30. Red2 Red7 31. Rxd7 Rxd7 32. Rxd7 Bxd7 33. Qd2 Qc7 34. Bxa6 c5 35. Bc4 Bc6 36. Ng5 Nxg5 37. hxg5 Qe7 38. f4 Ne8 39. b3 Kf7 40. Kb2 Qc7 41. a4 Qb7 42. a5 Bb5 43. Qd3 Bxc4 44. Qxc4 Qg2+ 45. Ka3 Qxg3 46. a6 Qf3 47. Qxc5 Qa8 48. a7 Qb7 49. Bb4 Kg7 50. Qf8+ Kh7 51. Qh6+ Kg8 52. Qf8+ Kh7 53. Qxe8 Qxa7+ 54. Qa4 Qf2 55. Qd7+ Kh8 56. Qe8+ Kh7 57. Qf7+ Kh8 58. Qf8+ Kh7 59. Qh6+ Kg8 60. Qxg6+ Kh8 61. Qxh5+ Kg7 62. Qh6+ Kg8 63. Qxe6+ Kg7 64. Qf6+ Kh7 65. g6+ Kg8 66. Qf7+ Kh8 67. Qh7# 1-0


[Site "https://www.chess.com"]

[Event "Titled Tuesday Blitz May 30 Early 2023"]
[White "Karas, Marek"]
[Black "Asis Gargatagli, Hipolito"]
[WhiteFideId "14928558"]
[BlackFideId "2260735"]
[WhiteElo "2233"]
[BlackElo "2557"]
[Result "0-1"]
[Round "01"]
[TimeControl "180+2"]
[Date "2023.05.30"]
[WhiteClock "0:00:00"]
[BlackClock "0:01:11"]

1. d4 f5 2. Bg5 h6 3. Bh4 g5 4. e3 Bg7 5. Bg3 c5 6. c3 Qb6 7. Qb3 Qxb3 8. axb3 cxd4 9. cxd4 Nc6 10. Nf3 d6 11. Bb5 Nf6 12. h4 Ne4 13. d5 Bd7 14. dxc6 bxc6 15. Be2 Bxb2 16. Ra2 Bf6 17. hxg5 hxg5 18. Rxh8+ Bxh8 19. Bd3 Nc5 20. Bc2 Bf6 21. Nbd2 e5 22. Nc4 Ke7 23. Nb6 Rb8 24. Nxd7 Kxd7 25. Rxa7+ Ke6 26. Nd2 f4 27. exf4 exf4 28. Bh2 Bc3 29. Ke2 Bxd2 30. Kxd2 Nxb3+ 31. Kc3 Nc5 32. f3 Nd7 33. Bf5+ Kxf5 34. Rxd7 Ke6 35. Rg7 Kf6 36. Rc7 c5 37. Bg1 Rb1 38. Bxc5 dxc5 39. Rxc5 Rg1 40. Kd3 Rxg2 41. Rc6+ Kf5 42. Rc5+ Kg6 43. Rc6+ Kh5 44. Ke4 Ra2 45. Rc8 Kh4 46. Kf5 Ra5+ 47. Kg6 Kg3 48. Rc3 Re5 49. Kh5 Re3 50. Rc4 Re5 51. Rc3 g4+ 52. Kg6 gxf3 53. Kf6 Re3 0-1


[Site "https://www.chess.com"]

[Event "Titled Tuesday Blitz May 30 Early 2023"]
[White "Petrosyan, Manuel"]
[Black "Mika, Tomasz"]
[WhiteFideId "13300857"]
[BlackFideId "1132970"]
[WhiteElo "2576"]
[BlackElo "2179"]
[Result "1-0"]
[Round "01"]
[TimeControl "180+2"]
[Date "2023.05.30"]
[WhiteClock "0:00:09"]
[BlackClock "0:00:17"]

1. e4 c6 2. d4 d5 3. e5 Bf5 4. Nf3 e6 5. Be2 c5 6. Be3 Qb6 7. Nc3 Nc6 8. O-O Qxb2 9. Nb5 c4 10. Nc7+ Kd7 11. Nxa8 Qxc2 12. Nh4 Qxd1 13. Rfxd1 Bc2 14. Rd2 Ba4 15. Rb1 Kc8 16. Rdb2 b5 17. Rxb5 Bxb5 18. Rxb5 Be7 19. Nf3 Nh6 20. Bd1 Nf5 21. Ba4 Nb4 22. Bd2 a6 23. Rb6 Bd8 24. Rxb4 1-0


[Site "https://www.chess.com"]

[Event "Titled Tuesday Blitz May 30 Early 2023"]
[White "Liu, Casper"]
[Black "Makarian, Rudik"]
[WhiteFideId "1454153"]
[BlackFideId "44105681"]
[WhiteElo "2221"]
[BlackElo "2461"]
[Result "0-1"]
[Round "01"]
[TimeControl "180+2"]
[Date "2023.05.30"]
[WhiteClock "0:01:14"]
[BlackClock "0:01:18"]

1. d4 Nf6 2. Bf4 c5 3. e3 Qb6 4. Na3 d6 5. Nc4 Qc7 6. c3 g6 7. h4 h5 8. Nf3 Bg7 9. dxc5 Qxc5 10. Qd4 Qxd4 11. cxd4 Nc6 12. Rc1 Be6 13. Ng5 Bd5 14. f3 O-O 15. a3 Rac8 16. e4 Bxc4 17. Rxc4 Nd7 18. d5 Na5 19. Rb4 Rc2 20. Bb5 Nc5 21. O-O Rxb2 22. Be3 a6 23. Ba4 b5 24. Bd1 Nc4 25. Bc1 Rxb4 26. axb4 Nd3 27. Be2 Nxb4 28. Bxc4 bxc4 29. Bd2 c3 30. Be3 Rc8 31. Nh3 c2 32. Nf2 a5 33. Bd2 Bc3 34. Bc1 Bd4 0-1


[Site "https://www.chess.com"]

[Event "Titled Tuesday Blitz May 30 Early 2023"]
[White "Pichot, Alan"]
[Black "Tanmay Jain"]
[WhiteFideId "110973"]
[BlackFideId "45015481"]
[WhiteElo "2573"]
[BlackElo "2032"]
[Result "1-0"]
[Round "01"]
[TimeControl "180+2"]
[Date "2023.05.30"]
[WhiteClock "0:00:05"]
[BlackClock "0:00:28"]

1. e4 c5 2. Nf3 d6 3. Bb5+ Bd7 4. Bxd7+ Nxd7 5. O-O Ngf6 6. Re1 e5 7. c3 Be7 8. d4 cxd4 9. cxd4 O-O 10. Nc3 Re8 11. Bg5 h6 12. Bh4 Bf8 13. dxe5 dxe5 14. Nd5 Be7 15. Nxe7+ Qxe7 16. Rc1 Rac8 17. Qb3 Nc5 18. Qa3 b6 19. Bxf6 Qxf6 20. b4 Ne6 21. Qxa7 Nf4 22. Qd7 Rcd8 23. Qb5 Nd3 24. Rc6 Nxe1 25. Rxf6 Nxf3+ 26. Rxf3 Rd1+ 27. Qf1 Rxf1+ 28. Kxf1 Rd8 29. a3 Rd4 30. Re3 Rc4 31. g3 Rc2 32. Kg2 f6 33. Kf3 Kf7 34. Rd3 Kg6 35. Ke3 Rc4 36. h4 h5 37. Rb3 Rc2 38. Kf3 Kf7 39. Rd3 Rc4 40. Rd7+ Kg6 41. Rd6 Rc3+ 42. Kg2 Rxa3 43. Rxb6 Rb3 44. b5 Rb4 45. f3 Rb2+ 46. Kg1 Rb3 47. Kf2 Rb2+ 48. Kf1 Rb3 49. Ke2 Rb2+ 50. Ke1 Rb3 51. f4 Rxg3 52. f5+ Kh6 53. Rb8 Re3+ 54. Kf2 Rxe4 55. Rh8# 1-0


[Site "https://www.chess.com"]

[Event "Titled Tuesday Blitz May 30 Early 2023"]
[White "Kokoszczynski, Jan"]
[Black "Bjerre, Jonas Buhl"]
[WhiteFideId "1174460"]
[BlackFideId "1444948"]
[WhiteElo "2139"]
[BlackElo "2525"]
[Result "0-1"]
[Round "01"]
[TimeControl "180+2"]
[Date "2023.05.30"]
[WhiteClock "0:00:00"]
[BlackClock "0:00:14"]

1. c4 Nf6 2. Nc3 e6 3. e4 c5 4. Nf3 Nc6 5. d3 Be7 6. g3 d5 7. cxd5 exd5 8. exd5 Nxd5 9. Bg2 Nxc3 10. bxc3 Bf6 11. Bb2 O-O 12. O-O Bf5 13. d4 cxd4 14. Nxd4 Nxd4 15. cxd4 Qd7 16. Qb3 Bh3 17. Rad1 Bxg2 18. Kxg2 Rfd8 19. d5 Bxb2 20. Qxb2 Rac8 21. Rd2 b6 22. d6 Qc6+ 23. Kg1 Rxd6 24. Rfd1 Rxd2 25. Qxd2 h5 26. h4 g6 27. Qd4 Qf3 28. Qd2 Kh7 29. Qd5 Qf6 30. Rd2 Rc5 31. Qd7 Qf3 32. Rd1 Rc2 33. Qd4 Rxa2 34. Re1 Re2 35. Rc1 Re8 36. Kh2 b5 37. Rc2 b4 38. Qxa7 b3 39. Rb2 Kg7 0-1


[Site "https://www.chess.com"]

[Event "Titled Tuesday Blitz May 30 Early 2023"]
[White "Kovalenko, Igor"]
[Black "Gulkov, Igor A."]
[WhiteFideId "14117908"]
[BlackFideId "4120973"]
[WhiteElo "2574"]
[BlackElo "2343"]
[Result "1-0"]
[Round "01"]
[TimeControl "180+2"]
[Date "2023.05.30"]
[WhiteClock "0:01:18"]
[BlackClock "0:00:00"]

1. c4 Nf6 2. Nc3 g6 3. g3 Bg7 4. Bg2 O-O 5. e3 d6 6. Nge2 e5 7. h3 c6 8. b4 Re8 9. Qb3 a6 10. a4 Nbd7 11. O-O e4 12. Bb2 Ne5 13. Nxe4 Nxe4 14. Bxe4 Bxh3 15. Bg2 Bxg2 16. Kxg2 d5 17. Bxe5 Bxe5 18. d4 dxc4 19. Qxc4 Bg7 20. Nf4 Qd7 21. Rfc1 Rac8 22. Rab1 Bf8 23. Nd3 Bd6 24. Qa2 Kg7 25. Qe2 f5 26. Qf3 Re4 27. Nc5 Bxc5 28. bxc5 Rc7 29. a5 h5 30. Rh1 Qd5 31. Rh4 Qe6 32. Rf4 Rxf4 33. gxf4 Re7 34. Kh3 Qa2 35. Rg1 Kf7 36. Qg2 1-0


[Site "https://www.chess.com"]

[Event "Titled Tuesday Blitz May 30 Early 2023"]
[White "Pham, Le Thao Nguyen"]
[Black "Durarbayli, Vasif"]
[WhiteFideId "12401226"]
[BlackFideId "13402935"]
[WhiteElo "2286"]
[BlackElo "2551"]
[Result "0-1"]
[Round "01"]
[TimeControl "180+2"]
[Date "2023.05.30"]
[WhiteClock "0:00:00"]
[BlackClock "0:00:31"]

1. d4 Nf6 2. Nf3 d5 3. c4 e6 4. Nc3 c6 5. e3 Nbd7 6. Qc2 Bd6 7. b3 O-O 8. Bb2 e5 9. cxd5 cxd5 10. dxe5 Nxe5 11. Be2 Nxf3+ 12. Bxf3 d4 13. exd4 Re8+ 14. Ne2 Bb4+ 15. Kf1 Qa5 16. a3 Bf5 17. Qd1 Bd6 18. Kg1 Rac8 19. b4 Qa6 20. Nc3 Re7 21. h3 Rce8 22. g4 Bg6 23. Kg2 Qc4 24. Qd2 h5 25. Rhe1 hxg4 26. hxg4 Rxe1 27. Rxe1 Rxe1 28. Qxe1 Qxd4 29. Nb5 Qxb2 30. Nxd6 Qxa3 31. Nxb7 Qd3 32. Nc5 Qd4 33. g5 Nd5 34. Qe8+ Kh7 35. Nd7 Nf4+ 36. Kg3 Ne6 37. Nf8+ Nxf8 38. Qxf8 Qe5+ 39. Kg2 Qxg5+ 40. Kh2 Qh4+ 41. Kg2 Bf5 42. Qd6 Qh3+ 43. Kg1 Qxf3 0-1


[Site "https://www.chess.com"]

[Event "Titled Tuesday Blitz May 30 Early 2023"]
[White "Ahmadzada, Ahmad"]
[Black "Sowul, Bartosz"]
[WhiteFideId "13413007"]
[BlackFideId "1137590"]
[WhiteElo "2388"]
[BlackElo "2188"]
[Result "1-0"]
[Round "01"]
[TimeControl "180+2"]
[Date "2023.05.30"]
[WhiteClock "0:00:24"]
[BlackClock "0:00:12"]

1. Nf3 Nf6 2. g3 d5 3. Bg2 Bg4 4. O-O c6 5. d3 Nbd7 6. c4 e6 7. Nc3 Be7 8. cxd5 exd5 9. h3 Bh5 10. e4 O-O 11. g4 Bg6 12. e5 Ne8 13. d4 Nc7 14. Ne2 f6 15. Nf4 fxe5 16. Nxg6 hxg6 17. Nxe5 Nxe5 18. dxe5 Ne6 19. f4 Qb6+ 20. Kh1 Bc5 21. f5 Nd4 22. f6 Rae8 23. Qd3 Kh7 24. b4 Qxb4 25. Rb1 Qc4 26. Qxc4 dxc4 27. Rxb7 Rxe5 28. Rxg7+ Kh8 29. Rxg6 Re6 30. Bh6 Rf7 31. Rg5 Bb6 32. Rh5 Kh7 33. Bg7+ Kg6 34. h4 Rd7 35. f7 Rxf7 36. Rg5+ Kh7 37. Rxf7 Re1+ 38. Bf1 Ne2 39. Bc3+ Kh6 40. Rh5+ Kg6 41. Rg7# 1-0


[Site "https://www.chess.com"]

[Event "Titled Tuesday Blitz May 30 Early 2023"]
[White "Kuznetsov, Mikhail"]
[Black "Bachmann, Axel"]
[WhiteFideId "4117190"]
[BlackFideId "3700488"]
[WhiteElo "1981"]
[BlackElo "2605"]
[Result "0-1"]
[Round "01"]
[TimeControl "180+2"]
[Date "2023.05.30"]
[WhiteClock "0:00:00"]
[BlackClock "0:00:11"]

1. Nf3 Nf6 2. g3 b6 3. Bg2 Bb7 4. O-O g6 5. b3 Bg7 6. Bb2 O-O 7. c4 e6 8. d4 Ne4 9. Nbd2 Nxd2 10. Nxd2 Bxg2 11. Kxg2 d6 12. e3 Nd7 13. Qc2 f5 14. Rad1 Qc8 15. f3 Qb7 16. e4 Rae8 17. Rde1 a5 18. d5 e5 19. a3 Qc8 20. b4 f4 21. g4 Bf6 22. Nb3 axb4 23. axb4 Bh4 24. Ra1 h5 25. Kh3 Nf6 26. Kxh4 hxg4 27. Rg1 Kg7 28. fxg4 Rh8+ 29. Kg5 Qxg4+ 0-1


[Site "https://www.chess.com"]

[Event "Titled Tuesday Blitz May 30 Early 2023"]
[White "Zemlyanskii, Ivan"]
[Black "Santos Flores, Alberto"]
[WhiteFideId "24249971"]
[BlackFideId "3601234"]
[WhiteElo "2421"]
[BlackElo "2235"]
[Result "1-0"]
[Round "01"]
[TimeControl "180+2"]
[Date "2023.05.30"]
[WhiteClock "0:00:22"]
[BlackClock "0:00:08"]

1. d4 d5 2. Bf4 Nf6 3. e3 c5 4. c3 Nc6 5. Nf3 Qb6 6. Qc2 Bg4 7. Ne5 Nxe5 8. Bxe5 cxd4 9. exd4 a6 10. Bd3 e6 11. Nd2 Be7 12. O-O Bh5 13. Qb3 Qxb3 14. axb3 O-O 15. b4 Bg6 16. Be2 Ne4 17. Nb3 Bd6 18. Bxd6 Nxd6 19. h4 h6 20. Nc5 Rfc8 21. Ra2 Rd8 22. Rfa1 Rab8 23. f3 Kf8 24. Ra3 Ke7 25. Kf2 Rdc8 26. g4 Rd8 27. h5 Bh7 28. Ke3 Rdc8 29. f4 Ne4 30. Bd3 Nxc5 31. bxc5 Bxd3 32. Kxd3 Kd7 33. Rf1 g6 34. hxg6 fxg6 35. Rh1 Rh8 36. Raa1 Rbf8 37. Ke3 Rf7 38. Rh4 h5 39. Rg1 Rfh7 40. gxh5 Rxh5 41. Rxh5 gxh5 42. Rg7+ Kc6 43. Rg6 h4 44. Rxe6+ Kb5 45. Kf2 h3 46. Kg1 Kc4 47. Rb6 Rh7 48. Kh2 Kd3 49. f5 Ke4 50. f6 Kd3 51. Re6 Kc2 52. Re7 Rh6 53. f7 Rf6 54. Rxb7 a5 55. c6 a4 56. c7 Rxf7 57. c8=Q Rxb7 58. Qxb7 1-0


[Site "https://www.chess.com"]

[Event "Titled Tuesday Blitz May 30 Early 2023"]
[White "Balla, Tamas-Kristof"]
[Black "Dragnev, Valentin"]
[WhiteFideId "1208497"]
[BlackFideId "1634852"]
[WhiteElo "2334"]
[BlackElo "2487"]
[Result "0-1"]
[Round "01"]
[TimeControl "180+2"]
[Date "2023.05.30"]
[WhiteClock "0:00:03"]
[BlackClock "0:00:24"]

1. e4 c6 2. d4 d5 3. exd5 cxd5 4. c4 Nf6 5. Nc3 Nc6 6. Bg5 Be6 7. cxd5 Nxd5 8. Nf3 g6 9. Be2 Bg7 10. O-O O-O 11. Qd2 Rc8 12. Rad1 Re8 13. a3 Nxc3 14. bxc3 Na5 15. Bh6 Qc7 16. Bxg7 Kxg7 17. d5 Bd7 18. Qd4+ Kg8 19. Qxa7 Qxc3 20. h3 Qc5 21. Qxc5 Rxc5 22. Ne5 Rd8 23. Nxd7 Rxd7 24. Bf3 Rc3 25. Rb1 Rxa3 26. Rfc1 Kg7 27. Rb5 Nb3 28. Rc3 Ra1+ 29. Kh2 Nd4 30. Rbc5 Ra2 31. Kg1 b6 32. Rc7 Nxf3+ 33. gxf3 Rxd5 34. Rxe7 Rg5+ 35. Kf1 Ra1+ 36. Ke2 b5 37. Rb7 Ra2+ 38. Ke3 Re5+ 39. Kf4 Rf5+ 40. Kg3 Rb2 41. Rc6 Rb3 42. Rcb6 Rbxf3+ 43. Kh4 R5f4+ 44. Kg5 h6# 0-1


[Site "https://www.chess.com"]